 Dungeon Crawl Stone Soup version 0.18.1-47-g9310371 (webtiles) character file.

648 MistressOfTheDunes the Skirmisher (level 7, 0/58 HPs)
             Began as a Mummy Monk on June 23, 2016.
             Slain by a centaur
             ... wielding a cursed -2 shortbow
              (1 damage)
             ... on level 5 of the Dungeon.
             The game lasted 00:08:53 (7943 turns).

MistressOfTheDunes the Skirmisher (Mummy Monk)      Turns: 7943, Time: 00:08:54

Health: 0/58       AC:  1    Str: 14    XL:     7   Next: 27%
Magic:  7/7        EV: 14    Int: 10    God:
Gold:   31         SH:  0    Dex: 16    Spells: 0 memorised, 6 levels left

rFire  . . .     SeeInvis .       - Unarmed
rCold  . . .     Gourm    .     (no armour)
rNeg   + + +     Faith    .     (no shield)
rPois  ∞         Spirit   .     (no helmet)
rElec  .         Dismiss  .     (no cloak)
rCorr  .         Reflect  .     (no gloves)
SustAt .         Harm     .     a - +0 pair of boots
MR     .....                    (no amulet)
Stlth  ++........               k - ring of fire
                                (no ring)

@: not resistant to hostile enchantments, unstealthy
A: no food or potions, fire vulnerability, cold resistance 1, negative energy
resistance 3, torment resistance, unbreathing
a: no special abilities


You were on level 5 of the Dungeon.
You were not hungry.

You visited 1 branch of the dungeon, and saw 5 of its levels.

You collected 201 gold pieces.
You spent 170 gold pieces at shops.


Innate Abilities, Weirdness & Mutations

You do not eat or drink.
Your flesh is vulnerable to fire.
You are immune to poison.
Your flesh is cold resistant.
You are immune to negative energy.
You are immune to unholy pain and torment.
You can survive without breathing.


   Skills:
 - Level 6.0 Fighting
 + Level 4.0 Dodging
 - Level 1.5 Stealth
 - Level 5.0 Unarmed Combat


You had 6 spell levels left.
You didn't know any spells.

Inventory:

Missiles
 e - 15 poisoned needles (quivered)
Armour
 a - a +0 pair of boots (worn)
Jewellery
 k - a ring of fire (right hand)
Scrolls
 b - 5 scrolls of enchant armour
 c - 6 scrolls of remove curse
 d - 2 scrolls of blinking {unknown}
 f - 2 scrolls of fear
 g - a scroll of noise {unknown}
 h - 4 scrolls of teleportation {@r4}
 i - 2 scrolls of amnesia
 j - a scroll of enchant weapon {unknown}
 l - a scroll of random uselessness {unknown}
 m - a scroll of recharging {unknown}

Dungeon Overview and Level Annotations

Branches:
Dungeon (5/15)
 Temple: D:4-7

Altars:
Cheibriados
Ru

Shops:
D:4

? .▒.(.....▒▒▒▒▒▒▒▒▒▒▒▒▒▒▒
▒.....▒ .▒.(((((.▒▒............▒
▒▒▒▒▒.▒ .......................▒
▒.▒ .▒▒▒▒▒........!........▒ ▒.▒
!▒ ▒....▒.▒▒▒▒▒▒▒▒'▒▒▒▒▒▒▒▒▒▒..
.▒ ▒....▒.▒▒▒▒ ▒.▒ ▒........
.▒▒▒▒▒....▒....▒▒▒▒▒.▒▒▒▒.▒▒▒▒▒▒▒
........(.((....(c.........>.....
'▒▒▒▒▒▒▒▒(▒▒▒(▒▒M▒▒▒.▒▒▒▒..▒▒▒▒▒▒
...▒ ▒.▒ ▒.((.▒ ▒.!▒▒▒..▒ ...▒
▒.▒ ▒.▒▒▒▒ ▒.))<▒..▒▒ ...▒ ▒.▒
▒▒▒ ▒▒.[.(...▒ ...▒ ▒.▒
▒▒▒▒▒.▒▒▒.▒▒ ...▒▒▒▒▒▒'▒▒▒▒▒▒
▒.........▒ ...▒▒..........▒
▒.▒▒▒.▒▒▒.▒▒▒▒▒▒ ...▒▒..........▒
▒.▒▒▒.....▒..... ▒▒▒▒▒..........▒
▒.....▒▒▒.▒.▒▒▒.


You could see a centaur.


Message History

* * * don't die
* * * You beat the centaur but do no damage!
You punch the centaur, but do no damage!
The centaur is lightly wounded!
The centaur hits you with an enchanted shortbow! * * * don't die
* * * You barely miss the centaur!
The centaur is lightly wounded!
The centaur hits you with an enchanted shortbow! * * * don't die
* * * You pulverise the centaur!
The centaur is heavily wounded!
The centaur hits you with an enchanted shortbow! * * * don't die
* * * The centaur hits you with an enchanted shortbow! * * * don't die
* * * You closely miss the centaur!
The centaur is heavily wounded!
The centaur hits you with an enchanted shortbow! * * * don't die
* * * You barely miss the centaur!
The centaur is heavily wounded!
The centaur barely misses you!
You closely miss the centaur!
The centaur is heavily wounded!
The centaur closely misses you!
You squash the centaur like an ant!!!
The centaur is severely wounded!
The centaur hits you with an enchanted shortbow! rip

Action                   |  1- 3 |  4- 6 |  7- 9 || total
-------------------------+-------+-------+-------++-------
Melee: Unarmed           |   205 |   289 |   137 ||   631
       Punch             |     1 |    13 |     3 ||    17
  Use: Scroll            |       |     3 |     1 ||     4
 Stab: Sleeping          |     7 |     2 |     2 ||    11
       Distracted        |       |     1 |       ||     1
Armor: Skin              |     8 |    19 |     8 ||    35
Dodge: Dodged            |   133 |   193 |    76 ||   402

Vault maps used:
D:1:      lightli_arrival_statue_moat, roderic_roman_lattice,
          serial_bayou_lagoon_b
D:2:      hex_medium
D:3:      gup_sewer_entry_bubbles
D:4:      first_bread, serial_shops, shop_fountains, minmay_goblin_outpost
D:5:      lemuel_round_altar, slow_altar_1

Notes
Turn   | Place    | Note
--------------------------------------------------------------
     0 | D:1      | MistressOfTheDunes the Mummy Monk began the quest for the Orb.
     0 | D:1      | Reached XP level 1. HP: 18/18 MP: 1/1
   295 | D:1      | Reached XP level 2. HP: 24/24 MP: 2/2
   604 | D:1      | Reached skill level 4 in Unarmed Combat
   893 | D:1      | Reached XP level 3. HP: 16/29 MP: 3/3
  2476 | D:2      | Reached XP level 4. HP: 24/35 MP: 4/4
  3046 | D:2      | Reached skill level 5 in Unarmed Combat
  3306 | D:2      | HP: 2/35 [orc wizard/dagger (4)]
  3309 | D:2      | Reached XP level 5. HP: 2/41 MP: 5/5
  3672 | D:3      | Reached skill level 4 in Fighting
  4508 | D:4      | Noticed LinoAlbertino's ghost (amateur OpAs)
  4550 | D:4      | Killed LinoAlbertino's ghost
  4550 | D:4      | Reached skill level 5 in Fighting
  4550 | D:4      | Reached XP level 6. HP: 10/52 MP: 6/6
  4846 | D:4      | Found Lacalis's Magic Scroll Shop.
  4857 | D:4      | Reached skill level 6 in Fighting
  4872 | D:4      | Bought a scroll of identify for 20 gold pieces
  4872 | D:4      | Bought a scroll of enchant armour for 75 gold pieces
  4872 | D:4      | Bought a scroll of enchant armour for 75 gold pieces
  5733 | D:4      | Reached skill level 3 in Dodging
  6318 | D:5      | Entered Level 5 of the Dungeon
  6459 | D:5      | Reached XP level 7. HP: 34/58 MP: 7/7
  7113 | D:5      | Found a snail-covered altar of Cheibriados.
  7852 | D:5      | Found a sacrificial altar of Ru.
  7857 | D:5      | Reached skill level 4 in Dodging
  7939 | D:5      | HP: 5/58 [centaur/enchanted shortbow (3)]
  7940 | D:5      | HP: 1/58 [centaur/enchanted shortbow (5)]
  7943 | D:5      | Slain by a centaur

Vanquished Creatures
  The ghost of LinoAlbertino the Sneak, an amateur OpAs of Cheibriados (D:4)
  A crimson imp (D:5)
  A jelly (D:5)
  An orc priest (D:5)
  3 orc wizards
  An iguana (D:4)
  2 worker ants (D:4)
  3 adders (D:2)
  A river rat (D:3)
  2 oozes
  4 worms
  4 dart slugs
  7 giant geckos
  19 orcs
  5 giant cockroaches
  12 hobgoblins
  11 jackals
  8 kobolds
  2 quokkas
  5 ball pythons
  10 bats
  2 giant gecko skeletons
  6 giant newts
  10 goblins
  7 rats
128 creatures vanquished.
